 Dungeon Crawl Stone Soup version 0.17-a0-1778-gd369669 (webtiles) character file.

300 matakusis the Insei (level 6, 0/48 HPs)
             Began as a Draconian Transmuter on Sept 8, 2015.
             Succumbed to a worker ant's poison
             ... on level 4 of the Dungeon.
             The game lasted 00:16:35 (4330 turns).

matakusis the Insei (Draconian Transmuter)          Turns: 4330, Time: 00:16:35

Health: 0/48       AC:  6    Str: 17    XL:     6   Next: 13%
Magic:  18/19      EV: 13    Int: 13    God:
Gold:   173        SH:  0    Dex: 13    Spells: 3 memorised, 2 levels left

rFire  . . .     SeeInvis .       - Unarmed
rCold  . . .     Clarity  .     (armour unavailable)
rNeg   . . .     SustAt   .     (no shield)
rPois  .         Gourm    .     (helmet restricted)
rElec  .         Spirit   .     (no cloak)
rCorr  .         Warding  .     (no gloves)
rMut   .         Stasis   .     (boots currently unavailable)
MR     .....                    (no amulet)
Stlth  +.........               j - +4 ring of strength
                                e - ring of magical power

@: lethally poisoned (0 -> -12), appendage, not resistant to hostile
enchantments, very unstealthy
A: unfitting armour, talons 3, cold-blooded, AC +6
a: End Transformation


You were on level 4 of the Dungeon.
You were hungry.
You had grown temporary talons.
You visited 1 branch of the dungeon, and saw 4 of its levels.

You collected 173 gold pieces.

Inventory:

Missiles
 a - 11 arrows
Jewellery
 e - a ring of magical power (left hand)
 j - a +4 ring of strength (right hand)
Scrolls
 h - a scroll of identify
 k - a scroll of enchant armour
Books
 b - a book of Changes

   Spells                             Type                      Level
   a - Beastly Appendage              Transmutation                1
   b - Sticks to Snakes               Transmutation                2
   c - Spider Form                    Transmutation/Poison         3
   d - Ice Form                       Ice/Transmutation            4
   e - Blade Hands                    Transmutation                5
Comestibles
 c - a bread ration
 f - a chunk of flesh
 g - a fruit
 i - a beef jerky
 n - a slice of pizza


   Skills:
 - Level 2.2 Fighting
 - Level 3.4 Dodging
 - Level 4.0 Unarmed Combat
 * Level 2.8 Spellcasting
 * Level 3.7 Transmutations


You had 2 spell levels left.
You knew the following spells:

 Your Spells              Type           Power        Failure   Level  Hunger
a - Beastly Appendage     Trmt           ##....       8%          1    #......
b - Sticks to Snakes      Trmt           ##........   10%         2    ###....
c - Blade Hands           Trmt           ##........   98%         5    ######.


Dungeon Overview and Level Annotations

Branches:
Dungeon (4/15)
 Temple: D:4-7

Altars:
Fedhas
Kikubaaqudgha


Innate Abilities, Weirdness & Mutations

Your plain brown scales are hard (AC +6).
Your body does not fit into most forms of armour.
You are cold-blooded and may be slowed by cold attacks.
You have claws for feet.


Message History

Okay, then.
Casting: Beastly Appendage
Confirm with . or Enter, or press ? or * to list all spells.
Your feet morph into talons.
You feel sick. The worker ant bites you.
* * * LOW HITPOINT WARNING * * *
You hit the worker ant but do no damage.
The worker ant is severely wounded.
You feel sick. The worker ant bites you.
* * * LOW HITPOINT WARNING * * *
You are more poisoned.
The worker ant poisons you! The worker ant misses you.
You closely miss the worker ant.
Your tail-slap misses the worker ant.
The worker ant is severely wounded.
* * * LOW HITPOINT WARNING * * *
You feel sick. The worker ant bites you.
* * * LOW HITPOINT WARNING * * *
You aren't carrying any potions.
You hit the worker ant.
You kill the worker ant!
You die...

###########..
#............
#............
#............
#............
#............
#..........#
###..@.[.....#
#<..#+#......#
##....+......#
#..(.#......#
#....#......#
####+#......#
.###+### .


There were no monsters in sight!

Vanquished Creatures
  The ghost of cireshan the Conjurer, an average DECj (D:3)
  An orc priest (D:3)
  A worker ant (D:4)
  4 gnolls (D:3)
  6 adders (D:2)
  An ooze (D:1)
  2 worms
  3 orcs (D:3)
  A bat zombie (D:1)
  4 giant cockroaches
  8 goblins
  7 hobgoblins
  2 quokkas
  A ball python (D:2)
  9 bats
  3 giant geckos
  A giant gecko zombie (D:1)
  5 giant newts
  11 kobolds
  9 rats
80 creatures vanquished.

Notes
Turn   | Place    | Note
--------------------------------------------------------------
     0 | D:1      | matakusis the Draconian Transmuter began the quest for the Orb.
     0 | D:1      | Reached XP level 1. HP: 16/16 MP: 3/3
   422 | D:1      | Reached XP level 2. HP: 21/23 MP: 5/5
   438 | D:1      | Learned a level 2 spell: Sticks to Snakes
  1232 | D:2      | Reached XP level 3. HP: 28/28 MP: 6/6
  1840 | D:2      | Reached XP level 4. HP: 24/36 MP: 7/7
  2811 | D:3      | Noticed cireshan's ghost (average DECj)
  2869 | D:3      | Killed cireshan's ghost
  2869 | D:3      | Reached skill level 4 in Unarmed Combat
  2869 | D:3      | Reached XP level 5. HP: 2/41 MP: 8/8
  3178 | D:3      | Learned a level 5 spell: Blade Hands
  3344 | D:3      | Found an ancient bone altar of Kikubaaqudgha.
  3344 | D:3      | Found a blossoming altar of Fedhas.
  4030 | D:3      | Reached XP level 6. HP: 35/48 MP: 10/10
  4329 | D:4      | HP: 1/48 [worker ant (3)]
  4330 | D:4      | Succumbed to a worker ant's poison

Vault maps used:
D:1:      saegor_arrival_fortress
D:2:      first_bread, eino_tiny_chamber
D:3:      grunt_temple_overflow_growth_and_decay
D:4:      tso_metal_star, lemuel_crystal_altar

Action                   |  1- 3 |  4- 6 || total
-------------------------+-------+-------++-------
Melee: Unarmed           |   138 |   245 ||   383
 Cast: Beastly Appendage |     4 |     9 ||    13
       Sticks to Snakes  |     1 |       ||     1
  Use: Scroll            |     3 |     6 ||     9
       Potion            |     6 |     4 ||    10
 Stab: Sleeping          |     2 |       ||     2
  Eat: Chunk             |     3 |     4 ||     7
       Bread ration      |       |     1 ||     1
